MLB
TORONTO BLUE JAYS @ LOS ANGELES ANGELS
03/08/2026
 
TOP OF THE 1ST
Toronto Blue Jays batting - Pitching for Los Angeles Angels : RHP Walker Buehler
Pitching: RHP Walker Buehler
Batting: RHB Manuel Beltre 0-0: Fly out, F7 (Flyball, 78M, EV 90.6 MPH)
Batting: SHB Marcos De La Rosa 0-0: Swinging Strike
0-1: Ball
1-1: Swinging Strike
1-2: Ball
2-2: Strikes out swinging
Batting: LHB Jimmy Palmer 0-0: Foul Ball, location: 2F
0-1: Foul Ball, location: 2F
0-2: Ball
1-2: SINGLE (Line Drive, 78S, EV 93.1 MPH)
Batting: LHB Will Robertson 0-0: Fly out, F8 (Flyball, 8RD, EV 91.9 MPH)
Top of the 1st over - 0 runs, 1 hit, 0 errors, 1 left on base; Toronto 0 - Los Angeles 0
BOTTOM OF THE 1ST
Los Angeles Angels batting - Pitching for Toronto Blue Jays : RHP Koen Moreno
Pitching: RHP Koen Moreno
Batting: LHB T.J. Adinolfi 0-0: Called Strike
0-1: Ball
1-1: Fly out, F8 (Flyball, 8LXD, EV 93.1 MPH)
Batting: LHB Antwoine Lazar 0-0: Ball
1-0: Ground out 4-3 (Groundball, 4M, EV 81.2 MPH)
Batting: LHB Jimmy Foist 0-0: Ball
1-0: Ball
2-0: Ball
3-0: Called Strike
3-1: Foul Ball, location: 2F
3-2: Foul Ball, location: 2F
3-2: Base on Balls
Batting: LHB Jared Walsh 0-0: Called Strike
Jimmy Foist steals 2nd base
0-1: Ball
1-1: Called Strike
1-2: Ball
2-2: Foul Ball, location: 2F
2-2: Ball
3-2: Strikes out swinging
Bottom of the 1st over - 0 runs, 0 hits, 0 errors, 1 left on base; Toronto 0 - Los Angeles 0
TOP OF THE 2ND
Toronto Blue Jays batting - Pitching for Los Angeles Angels : RHP Walker Buehler
Batting: RHB Jack Parkman 0-0: Ball
1-0: Called Strike
1-1: Foul Ball, location: 2F
1-2: Strikes out looking
Batting: RHB Bo Bichette 0-0: Called Strike
0-1: Called Strike
0-2: Strikes out looking
Batting: LHB Joeni Holt 0-0: Ball
1-0: Ground out 3-1 (Groundball, 34S, EV 90.6 MPH)
Top of the 2nd over - 0 runs, 0 hits, 0 errors, 0 left on base; Toronto 0 - Los Angeles 0
BOTTOM OF THE 2ND
Los Angeles Angels batting - Pitching for Toronto Blue Jays : RHP Koen Moreno
Batting: SHB Adrian Placencia 0-0: Called Strike
0-1: Called Strike
0-2: Strikes out looking
Batting: RHB Luis Vasquez 0-0: Ball
1-0: Foul Ball, location: 2F
1-1: Foul Ball, location: 2F
1-2: Ground out 4-3 (Groundball, 6MD, EV 95.6 MPH)
Batting: RHB Mike Dickson 0-0: Called Strike
0-1: Ball
1-1: Ball
2-1: SINGLE (Line Drive, 78M, EV 89.4 MPH)
Batting: SHB David Garcia 0-0: Fielders Choice at 2nd, 6-4 (Groundball, 6, EV 92.5 MPH)
Bottom of the 2nd over - 0 runs, 1 hit, 0 errors, 1 left on base; Toronto 0 - Los Angeles 0
TOP OF THE 3RD
Toronto Blue Jays batting - Pitching for Los Angeles Angels : RHP Walker Buehler
Batting: SHB Chris Carey 0-0: Ball
1-0: Foul Ball, location: 2F
1-1: Ball
2-1: Ball
3-1: Fly out, F8 (Flyball, 89D, EV 90.0 MPH)
Batting: LHB Danny Escobar 0-0: Called Strike
0-1: Ball
1-1: Foul Ball, location: 2F
1-2: Strikes out swinging
Batting: RHB Manuel Beltre 0-0: Ball
1-0: Foul Ball, location: 2F
1-1: Ball
2-1: Ball
3-1: Foul Ball, location: 2F
3-2: Ground out U3 (Groundball, 34, EV 111.9 MPH)
Top of the 3rd over - 0 runs, 0 hits, 0 errors, 0 left on base; Toronto 0 - Los Angeles 0
BOTTOM OF THE 3RD
Los Angeles Angels batting - Pitching for Toronto Blue Jays : RHP Koen Moreno
Batting: RHB Chad Hinkle 0-0: Foul Ball, location: 2F
0-1: Swinging Strike
0-2: Ground out 5-3 (Groundball, 56, EV 81.9 MPH)
Batting: LHB T.J. Adinolfi 0-0: Foul Ball, location: 2F
0-1: SINGLE (Groundball, 6D, EV 100.6 MPH)
Batting: LHB Antwoine Lazar 0-0: Ball
1-0: Ball
2-0: Ball
3-0: Called Strike
3-1: Foul Ball, location: 2F
3-2: Base on Balls
T.J. Adinolfi to second
Pitching: RHP Juan Pacheco
Batting: LHB Jimmy Foist 0-0: Called Strike
T.J. Adinolfi steals 3rd base (no throw)
Antwoine Lazar to second
0-1: Foul Ball, location: 2F
0-2: Ground out 6-3 (Groundball, 6, EV 88.8 MPH)
T.J. Adinolfi scores
Antwoine Lazar to third
Batting: LHB Jared Walsh 0-0: Called Strike
0-1: Ball
1-1: Ground out U3 (Groundball, 3L, EV 85.0 MPH)
Bottom of the 3rd over - 1 run, 1 hit, 0 errors, 1 left on base; Toronto 0 - Los Angeles 1
TOP OF THE 4TH
Toronto Blue Jays batting - Pitching for Los Angeles Angels : RHP Walker Buehler
Batting: SHB Marcos De La Rosa 0-0: Ball
1-0: Fly out, F8 (Flyball, 8RD, EV 95.6 MPH)
Batting: LHB Jimmy Palmer 0-0: Ball
1-0: Ball
2-0: Ball
3-0: Base on Balls
Pitching: LHP Emilio Medina
Batting: LHB Will Robertson 0-0: Called Strike
0-1: Ball
1-1: Swinging Strike
1-2: Fly out, F6 (Popup, 4M, EV 76.2 MPH)
Batting: RHB Jack Parkman 0-0: Called Strike
Jimmy Palmer is caught stealing 2nd base 2-4
Top of the 4th over - 0 runs, 0 hits, 0 errors, 0 left on base; Toronto 0 - Los Angeles 1
BOTTOM OF THE 4TH
Los Angeles Angels batting - Pitching for Toronto Blue Jays : RHP Juan Pacheco
Batting: SHB Adrian Placencia 0-0: Ball
1-0: Ball
2-0: Ball
3-0: Called Strike
3-1: Called Strike
3-2: Base on Balls
Batting: RHB Luis Vasquez 0-0: Ball
1-0: Foul Ball, location: 2F
1-1: Sac Bunt to 15 - play at first, batter OUT! 1-3
Adrian Placencia to second
Batting: RHB Mike Dickson 0-0: Ball
1-0: Ball
2-0: Fly out, F7 (Flyball, 78M, EV 90.0 MPH)
Pitching: RHP Mike Pendergrass
Batting: SHB David Garcia 0-0: Ball
1-0: Ball
2-0: Foul Ball, location: 2F
2-1: Foul Ball, location: 2F
2-2: Ball
3-2: Base on Balls
Batting: RHB Chad Hinkle 0-0: Ball
1-0: Swinging Strike
1-1: Foul Ball, location: 2F
1-2: Strikes out looking
Bottom of the 4th over - 0 runs, 0 hits, 0 errors, 2 left on base; Toronto 0 - Los Angeles 1
TOP OF THE 5TH
Toronto Blue Jays batting - Pitching for Los Angeles Angels : LHP Emilio Medina
Now at 2B: David Fletcher
Now at 3B: Mike Arismendi
Now at SS: Luis Vasquez
Now in RF: Chris Himes
Batting: RHB Jack Parkman 0-0: Called Strike
0-1: Called Strike
0-2: DOUBLE (Line Drive, 78D, EV 100.6 MPH)
Batting: RHB Bo Bichette 0-0: Ball
1-0: Foul Ball, location: 2F
1-1: Swinging Strike
1-2: Strikes out looking
Pinch Hitting: RHB Lourdes Gurriel Jr. 0-0: 2-RUN HOME RUN (Flyball, 78XD, EV 98.8 MPH), Distance : 370 ft
Batting: SHB Chris Carey 0-0: Called Strike
0-1: Ball
1-1: Ball
2-1: Foul Ball, location: 2F
2-2: Fly out, F8 (Flyball, 8RD, EV 85.0 MPH)
Batting: LHB Danny Escobar 0-0: Ball
1-0: Swinging Strike
1-1: Ball
2-1: Foul Ball, location: 2F
2-2: Ball
3-2: Foul Ball, location: 2F
3-2: Foul Ball, location: 2F
3-2: Base on Balls
Batting: RHB Manuel Beltre 0-0: Ball
1-0: Foul Ball, location: 2F
Pickoff Throw to First - Out! 1-3
Top of the 5th over - 2 runs, 2 hits, 0 errors, 0 left on base; Toronto 2 - Los Angeles 1
BOTTOM OF THE 5TH
Los Angeles Angels batting - Pitching for Toronto Blue Jays : RHP Mike Pendergrass
Now at 1B: Rowdy Tellez
Now at 2B: Santiago Espinal
Now at 3B: CJ Abrams
Now at SS: Adalberto Mondesi
Now in LF: Lourdes Gurriel Jr.
Now in CF: Danny Escobar
Now in RF: Brandon Marsh
Batting: LHB T.J. Adinolfi 0-0: Ball
1-0: Swinging Strike
1-1: Ball
2-1: Called Strike
2-2: Ball
3-2: Strikes out swinging
Batting: RHB David Fletcher 0-0: Called Strike
0-1: Swinging Strike
0-2: Ball
1-2: Ball
2-2: Strikes out swinging
Pitching: RHP Ty Tice
Batting: RHB Jake Burger 0-0: Fly out, F7 (Flyball, 7, EV 82.5 MPH)
Bottom of the 5th over - 0 runs, 0 hits, 0 errors, 0 left on base; Toronto 2 - Los Angeles 1
TOP OF THE 6TH
Toronto Blue Jays batting - Pitching for Los Angeles Angels : LHP Emilio Medina
Now at 1B: Brad Buckley
Now in CF: Alex Contreras
Batting: LHB Rowdy Tellez 0-0: Ball
1-0: Fly out, F2 (Popup, 2RF, EV 89.4 MPH)
Batting: RHB Quinn Priester 0-0: Ball
1-0: Called Strike
1-1: Fly out, F6 (Popup, 5D, EV 56.9 MPH)
Batting: LHB CJ Abrams 0-0: Called Strike
0-1: Ball
1-1: Swinging Strike
1-2: Ball
2-2: Fly out, F8 (Flyball, 8LXD, EV 85.0 MPH)
Top of the 6th over - 0 runs, 0 hits, 0 errors, 0 left on base; Toronto 2 - Los Angeles 1
BOTTOM OF THE 6TH
Los Angeles Angels batting - Pitching for Toronto Blue Jays : RHP Ty Tice
Pitching: RHP Josh St. John
Now at C: Luis Campusano
Batting: RHB Brad Buckley 0-0: Ball
1-0: Ball
2-0: Ball
3-0: Called Strike
3-1: Base on Balls
Batting: LHB Chris Himes 0-0: Ball
1-0: Called Strike
1-1: Called Strike
1-2: Fly out, F8 (Flyball, 8RD, EV 85.6 MPH)
Pinch Hitting: SHB Jordan Labrador 0-0: Ball
1-0: Ball
2-0: Foul Ball, location: 2F
2-1: Fielders Choice at 2nd, 6-4 (Groundball, 6, EV 95.0 MPH)
Pinch Hitting: LHB Matt Thaiss 0-0: Fly out, F8 (Flyball, 8LM, EV 91.9 MPH)
Bottom of the 6th over - 0 runs, 0 hits, 0 errors, 1 left on base; Toronto 2 - Los Angeles 1
TOP OF THE 7TH
Toronto Blue Jays batting - Pitching for Los Angeles Angels : LHP Emilio Medina
Pitching: RHP Jose Soriano
Now at SS: Jordan Labrador
Now in CF: Jose Pesquera
Batting: SHB Adalberto Mondesi 0-0: Called Strike
0-1: Ball
1-1: Ball
2-1: Ground out U3 (Groundball, 3S, EV 87.5 MPH)
Batting: RHB Luis Campusano 0-0: Fly out, F7 (Flyball, 7, EV 88.1 MPH)
Batting: LHB Brandon Marsh 0-0: Fly out, F8 (Line Drive, 8LD, EV 91.2 MPH)
Top of the 7th over - 0 runs, 0 hits, 0 errors, 0 left on base; Toronto 2 - Los Angeles 1
BOTTOM OF THE 7TH
Los Angeles Angels batting - Pitching for Toronto Blue Jays : RHP Josh St. John
Pitching: RHP Dou-guan Zong
Batting: SHB David Garcia 0-0: Foul Ball, location: 2F
0-1: Swinging Strike
0-2: Ball
1-2: Strikes out swinging
Pinch Hitting: LHB Jose Rojas 0-0: Fly out, F4 (Popup, 4, EV 70.0 MPH)
Pinch Hitting: RHB Alexander Ramirez 0-0: Called Strike
0-1: Ball
1-1: Called Strike
1-2: SOLO HOME RUN (Flyball, 78XD, EV 109.4 MPH), Distance : 414 ft
Batting: RHB David Fletcher 0-0: Called Strike
0-1: Ball
1-1: Foul Ball, location: 2F
1-2: Ball
2-2: Strikes out swinging
Bottom of the 7th over - 1 run, 1 hit, 0 errors, 0 left on base; Toronto 2 - Los Angeles 2
TOP OF THE 8TH
Toronto Blue Jays batting - Pitching for Los Angeles Angels : RHP Jose Soriano
Pitching: RHP Reggie Valdez
Now at 3B: Jose Rojas
Now in LF: Alexander Ramirez
Batting: RHB Lourdes Gurriel Jr. 0-0: Called Strike
0-1: Swinging Strike
0-2: Strikes out swinging
Batting: RHB Santiago Espinal 0-0: Ball
1-0: Ground out 6-3 (Groundball, 6, EV 80.0 MPH)
Batting: LHB Danny Escobar 0-0: Swinging Strike
0-1: Swinging Strike
0-2: Ball
1-2: Strikes out swinging
Top of the 8th over - 0 runs, 0 hits, 0 errors, 0 left on base; Toronto 2 - Los Angeles 2
BOTTOM OF THE 8TH
Los Angeles Angels batting - Pitching for Toronto Blue Jays : RHP Dou-guan Zong
Pitching: RHP Cam Bedrosian
Batting: RHB Jake Burger 0-0: Foul Ball, location: 2F
0-1: Called Strike
0-2: Ball
1-2: Ball
2-2: Foul Ball, location: 2F
2-2: Ball
3-2: Fly out, F9 (Flyball, 8RM, EV 80.6 MPH)
Batting: RHB Brad Buckley 0-0: Ball
1-0: Foul Ball, location: 2F
1-1: Foul Ball, location: 2F
1-2: Strikes out swinging
Batting: LHB Chris Himes 0-0: Called Strike
0-1: Ground out 6-3 (Groundball, 56, EV 83.8 MPH)
Bottom of the 8th over - 0 runs, 0 hits, 0 errors, 0 left on base; Toronto 2 - Los Angeles 2
TOP OF THE 9TH
Toronto Blue Jays batting - Pitching for Los Angeles Angels : RHP Reggie Valdez
Pitching: LHP Josh Taylor
Batting: LHB Rowdy Tellez 0-0: Ball
1-0: Foul Ball, location: 2F
1-1: Ball
2-1: Fly out, F8 (Line Drive, 89D, EV 91.9 MPH)
Batting: RHB Quinn Priester 0-0: Ball
1-0: Ball
2-0: Ball
3-0: Called Strike
3-1: Fly out, F9 (Flyball, 9D, EV 78.1 MPH)
Batting: LHB CJ Abrams 0-0: Called Strike
0-1: Ball
1-1: DOUBLE (Flyball, 8RXD, EV 98.1 MPH)
Batting: SHB Adalberto Mondesi 0-0: Ground out 6-3 (Groundball, 6, EV 88.8 MPH)
Top of the 9th over - 0 runs, 1 hit, 0 errors, 1 left on base; Toronto 2 - Los Angeles 2
BOTTOM OF THE 9TH
Los Angeles Angels batting - Pitching for Toronto Blue Jays : RHP Cam Bedrosian
Pitching: RHP George Gomez
Batting: SHB Jordan Labrador 0-0: Ball
1-0: Ball
2-0: Called Strike
2-1: SINGLE (Flyball, 6D, EV 82.5 MPH)
Batting: LHB Jose Pesquera 0-0: Called Strike
0-1: Foul Ball, location: 2F
0-2: Foul Ball, location: 2F
0-2: Ball
1-2: Reached on error, E5 (Groundball, 5, EV 78.1 MPH)
Jordan Labrador to second
Pinch Hitting: LHB Omar Narvaez 0-0: Fly out, F4 (Popup, 34, EV 60.6 MPH)
Batting: LHB Jose Rojas 0-0: SINGLE (Line Drive, 6D, EV 109.4 MPH)
Jordan Labrador to third
Jose Pesquera to second
Batting: RHB Alexander Ramirez 0-0: SINGLE (Groundball, 34, EV 100.6 MPH)
Jordan Labrador scores
Bottom of the 9th over - 1 run, 3 hits, 1 error, 2 left on base; Toronto 2 - Los Angeles 3
Monday, January 23rd , 2023 - OOTP Baseball 23.10 Build 103